 Dungeon Crawl Stone Soup version 0.19-a0-593-gf2cdb02 (webtiles) character file.

362 esc the Slasher (level 6, 0/55 HPs)
             Began as a Minotaur Gladiator on June 10, 2016.
             Slain by an iguana skeleton (1 damage)
             ... animated by the malice of Kikubaaqudgha
             ... on level 4 of the Dungeon.
             The game lasted 00:06:16 (2691 turns).

esc the Slasher (Minotaur Gladiator)                Turns: 2691, Time: 00:06:17

Health: 0/55       AC:  5    Str: 19    XL:     6   Next: 39%
Magic:  5/5        EV: 13    Int:  5    God:
Gold:   142        SH:  0    Dex: 13    Spells: 0 memorised, 5 levels left

rFire  . . .     SeeInvis +     a - +0 long sword
rCold  . . .     Gourm    .     n - +0 ring mail
rNeg   . . .     Faith    .     (no shield)
rPois  .         Spirit   .     c - +0 hat
rElec  .         Dismiss  .     (no cloak)
rCorr  .         Reflect  .     (no gloves)
SustAt .         Harm     .     (no boots)
MR     .....     Rnd*Tele +     (no amulet)
Stlth  +.........               j - ring of see invisible {sInv, !d}
                                l - ring of teleportation {+/*tele, !d}

@: not resistant to hostile enchantments, very unstealthy
A: retaliatory headbutt, horns 2
a: no special abilities


You were on level 4 of the Dungeon.
You were not hungry.

You visited 1 branch of the dungeon, and saw 4 of its levels.

You collected 142 gold pieces.

Inventory:

Hand Weapons
 a - a +0 long sword (weapon)
Missiles
 d - 3 throwing nets {=f, !d}
 h - 139 stones (quivered)
 k - 33 poisoned needles
 o - 3 tomahawks
 r - 5 tomahawks of returning
Armour
 b - a +0 leather armour
 c - a +0 hat (worn)
 n - a +0 ring mail (worn)
   (You found it on level 2 of the Dungeon)
Jewellery
 j - a ring of see invisible (right hand) {sInv, !d}
   (You took it off a kobold on level 2 of the Dungeon)
 l - a ring of teleportation (left hand) {+/*tele, !d}
   (You found it on level 1 of the Dungeon)
Wands
 v - a wand of confusion (30/48)
   (You found it on level 2 of the Dungeon)
Potions
 e - 3 potions of brilliance
 g - a potion of lignification {!q}
 i - a potion of cure mutation {unknown}
 m - 3 potions of curing
 q - a potion of resistance
 x - a potion of degeneration {unknown}
Books
 u - Kikubaaqudgha's Grimoire of Sinister Magic
   (Kikubaaqudgha gifted it to you on level 2 of the Dungeon)

   Spells                             Type                      Level
   a - Animate Skeleton               Necromancy                   1
   b - Corpse Rot                     Necromancy                   2
   c - Sublimation of Blood           Necromancy                   2
   d - Regeneration                   Charms/Necromancy            3
   e - Control Undead                 Necromancy                   4
Comestibles
 f - 3 bread rations {@e1}
 p - a royal jelly
 s - a chunk of flesh {@w0}
 t - 2 meat rations {@e2}
 w - 2 beef jerkies


   Skills:
 + Level 4.9 Fighting
 + Level 5.3 Long Blades
 - Level 2.0 Throwing
 + Level 3.2 Armour
 + Level 4.8 Dodging


You had 5 spell levels left.
You didn't know any spells.

Dungeon Overview and Level Annotations

Branches:
Dungeon (4/15)
 Temple: D:4-7

Altars:
Kikubaaqudgha


Innate Abilities, Weirdness & Mutations

You reflexively headbutt those who attack you in melee.
You have a pair of horns on your head.


Message History

You closely miss the orc priest. Your headbutt misses the orc priest.
The orc misses you.
The orc priest hits you with a dagger of electrocution.
You take 3 damage, and have 23/55 hp.
You hit the orc priest. The orc misses you.
The orc priest hits you with a dagger of electrocution.
You take 5 damage, and have 18/55 hp.
You closely miss the orc priest. The orc barely misses you.
You furiously retaliate!
You headbutt the orc! The orc priest closely misses you.
You slash the orc priest!
You kill the orc priest!
The orc hits you but does no damage.
You barely miss the orc. Your headbutt misses the orc.
The orc barely misses you.
You slash the orc!
You kill the orc!
No target in view!
An orc comes into view. It is wielding a mace.
There is an escape hatch in the ceiling here.
Things that are here:
a dagger of electrocution; an orc corpse You butcher the orc corpse.
The orc shouts!
There is an escape hatch in the ceiling here.
Things that are here:
a dagger of electrocution; 2 chunks of flesh {@w0}; an orc skeleton There isn't anything to butcher here.
There is a stone staircase leading up here.
You see here a whip.
There isn't anything to butcher here.
You start resting.
The orc hits you but does no damage.
There is a stone staircase leading up here.
You see here a whip.
You slash the orc!
You kill the orc!
No target in view!
Things that are here:
a mace; a leather armour There isn't anything to butcher here.
You start resting.
Kikubaaqudgha's malice focuses upon you.
You smell decay.
Your body is wracked with pain!
* * * LOW HITPOINT WARNING * * *
The dead are walking, flying and slithering! 7 skeletons come into view.
An orc skeleton is wielding a dagger of electrocution.
You take 9 damage, and have 12/55 hp.
You're standing in a cloud of foul pestilence!
Unknown command.
The adder skeleton bites you.
* * * LOW HITPOINT WARNING * * *
You take 3 damage, and have 9/55 hp.
The bat skeleton closely misses you. The bat skeleton barely misses you.
You furiously retaliate!
You headbutt the bat skeleton!
You destroy the bat skeleton!
That felt strangely unrewarding.
You are too injured to fight recklessly!
You barely miss the adder skeleton.
The adder skeleton bites you but does no damage.
You hit the adder skeleton.
Your headbutt misses the adder skeleton.
The adder skeleton barely misses you. The adder skeleton bites you.
* * * LOW HITPOINT WARNING * * *
You take 1 damage, and have 9/55 hp.
You slash the adder skeleton!
You destroy the adder skeleton!
That felt strangely unrewarding.
The hound skeleton barely misses you.
You barely miss the hound skeleton. The hound skeleton bites you.
* * * LOW HITPOINT WARNING * * *
The hound skeleton closely misses you. You furiously retaliate!
You headbutt the hound skeleton!
You take 2 damage, and have 7/55 hp.
You slash the hound skeleton! You headbutt the hound skeleton!
You destroy the hound skeleton!
That felt strangely unrewarding.
You hit the big kobold skeleton.
The big kobold skeleton hits you but does no damage.
You barely miss the big kobold skeleton.
You headbutt the big kobold skeleton. The big kobold skeleton misses you.
You hit the big kobold skeleton. You headbutt the big kobold skeleton.
The big kobold skeleton barely misses you.
You hit the big kobold skeleton. You headbutt the big kobold skeleton!
The big kobold skeleton barely misses you.
You hit the big kobold skeleton. The big kobold skeleton hits you.
* * * LOW HITPOINT WARNING * * *
You take 2 damage, and have 6/55 hp.
You barely miss the big kobold skeleton.
The big kobold skeleton barely misses you.
You hit the big kobold skeleton. You hit the big kobold skeleton.
You destroy the big kobold skeleton!
That felt strangely unrewarding.
You barely miss the iguana skeleton. The iguana skeleton bites you.
* * * LOW HITPOINT WARNING * * *
You take 6 damage, and have 1/55 hp.
You barely miss the iguana skeleton. The iguana skeleton bites you.
You die...

#.# #.# #.# ... #.# ...
#.# #..#######.#######
................. #.# #@#
# #.. ##Z# ..
#§#####ZZ##.# ##
#§§Z........############<
##§§................^<...
#.<#.#.##############.###
#.##...########.......#
#..###...........#######
...###...................


You could see an iguana skeleton, an adder skeleton and an orc skeleton.

Vanquished Creatures
  2 orc priests
  An orc wizard (D:3)
  Jessica (D:3)
  Ijyb (D:3)
  2 iguanas
  A big kobold skeleton (D:4)
  A hound skeleton (D:4)
  A howler monkey zombie (D:3)
  3 gnolls (D:3)
  5 adders
  An adder skeleton (D:4)
  An iguana skeleton (D:3)
  A worm (D:2)
  2 dart slugs (D:3)
  5 giant geckos
  9 orcs
  2 bat skeletons
  4 giant cockroaches
  3 goblins
  10 hobgoblins
  6 jackals
  A quokka (D:2)
  2 ball pythons
  A ball python skeleton (D:4)
  5 bats
  A dart slug zombie (D:3)
  8 giant newts
  A gnoll skeleton (D:3)
  A goblin skeleton (D:3)
  2 hobgoblin skeletons (D:3)
  8 kobolds
  6 rats
  A rat skeleton (D:3)
99 creatures vanquished.

Notes
Turn   | Place    | Note
--------------------------------------------------------------
     0 | D:1      | esc the Minotaur Gladiator began the quest for the Orb.
     0 | D:1      | Reached XP level 1. HP: 18/18 MP: 0/0
   385 | D:1      | Reached XP level 2. HP: 20/25 MP: 1/1
   388 | D:1      | Reached skill level 1 in Armour
   625 | D:2      | Reached skill level 3 in Fighting
   694 | D:2      | Found a faded altar of an unknown god.
   707 | D:2      | HP: 4/26 [kobold/exploding inner flame[the player character] (17)]
   707 | D:2      | Reached XP level 3. HP: 5/31 MP: 2/2
   722 | D:2      | HP: 5/31 [kobold/stone (1)]
   727 | D:2      | Reached skill level 4 in Long Blades
   980 | D:2      | Became a worshipper of Kikubaaqudgha
   980 | D:2      | Reached * piety under Kikubaaqudgha
   980 | D:2      | Received a gift from Kikubaaqudgha
   987 | D:2      | Identified Kikubaaqudgha's Grimoire of Sinister Magic (Kikubaaqudgha gifted it to you on level 2 of the Dungeon)
  1129 | D:2      | Fell from the grace of Kikubaaqudgha
  1415 | D:3      | Reached XP level 4. HP: 38/38 MP: 3/3
  1470 | D:3      | Noticed Ijyb
  1482 | D:3      | Killed Ijyb
  1482 | D:3      | Reached skill level 4 in Dodging
  1537 | D:3      | Reached skill level 2 in Armour
  1588 | D:3      | Reached XP level 5. HP: 33/46 MP: 4/4
  1591 | D:3      | Reached skill level 4 in Fighting
  1867 | D:3      | HP: 10/46 [dart slug/slug dart (3)]
  1980 | D:3      | Reached skill level 5 in Long Blades
  2179 | D:3      | Noticed Jessica
  2188 | D:3      | Killed Jessica
  2208 | D:3      | Reached XP level 6. HP: 53/53 MP: 5/5
  2625 | D:4      | Reached skill level 3 in Armour
  2669 | D:4      | HP: 12/55 [divine wrath (9)]
  2678 | D:4      | HP: 9/55 [adder skeleton[the malice of Kikubaaqudgha] (2)]
  2686 | D:4      | HP: 6/55 [big kobold skeleton[the malice of Kikubaaqudgha] (2)]
  2690 | D:4      | HP: 1/55 [iguana skeleton[the malice of Kikubaaqudgha] (6)]
  2691 | D:4      | Slain by an iguana skeleton

Vault maps used:
D:1:      lightli_arrival_isolated_outpost
D:2:      ecumenical_altar_2, minmay_newt_pond
D:3:      glass_columns_b, uniq_iyjb, uniq_jessica
D:4:      kennysheep_vampire_church, first_bread, uniq_menkaure

Skill      XL: |  1  2  3  4  5  6 |
---------------+-------------------+-----
Armour         | 1 2 3 |  3.2
Fighting       | 3 4 |  4.9
Long Blades    | 4 5 |  5.3
Dodging        | 4 |  4.8
Throwing       | |  2.0

Action                   |  1- 3 |  4- 6 || total
-------------------------+-------+-------++-------
Melee: Long sword        |    91 |   123 ||   214
       Headbutt          |    13 |    28 ||    41
Invok: Renounce Religion |     1 |       ||     1
  Use: Scroll            |     3 |     5 ||     8
       Potion            |       |     1 ||     1
  Eat: Chunk             |     2 |     4 ||     6
Armor: Leather armour    |     9 |       ||     9
       Ring mail         |    20 |    33 ||    53
Dodge: Dodged            |    55 |    88 ||   143

Vault maps used:
D:1:      lightli_arrival_isolated_outpost
D:2:      ecumenical_altar_2, minmay_newt_pond
D:3:      glass_columns_b, uniq_iyjb, uniq_jessica
D:4:      kennysheep_vampire_church, first_bread, uniq_menkaure

Table legend:
 A = Turns spent in this place as a percentage of turns spent in the entire game.
 B = Non-inter-level travel turns spent in this place as a percentage of non-inter-level travel turns spent in the entire game.
 C = Inter-level travel turns spent in this place as a percentage of turns spent in this place.
 D = Turns resting spent in this place as a percentage of non-inter-level travel turns spent in this place.
 E = Turns spent auto-exploring this place as a percentage of non-inter-level travel turns spent in this place.
 F = Non-inter-level travel turns spent in this place divided by the number of levels of this place that you've seen.
                   A       B       C       D       E      F
               +-------+-------+-------+-------+-------+----------------------
         Total | 100.0 | 100.0 |   0.3 |   2.3 |   8.9 | 219.2
       Dungeon | 100.0 | 100.0 |   0.3 |   2.3 |   8.9 | 219.2
               +-------+-------+-------+-------+-------+----------------------

Table legend:
 A = Kills in this place as a percentage of kills in entire the game.
 B = Kills by you in this place as a percentage of kills by you in the entire game.
 C = Kills by friends in this place as a percentage of kills by friends in the entire game.
 D = Other kills in this place as a percentage of other kills in the entire game.
 E = Experience gained in this place as a percentage of experience gained in the entire game.
 F = Experience gained in this place divided by the number of levels of this place that you have seen.
                   A       B       C       D       E      F
               +-------+-------+-------+-------+-------+----------------------
         Total | 100.0 | 100.0 |  -nan |  -nan | 100.0 | 129.5
       Dungeon | 100.0 | 100.0 |  -nan |  -nan | 100.0 | 129.5
               +-------+-------+-------+-------+-------+----------------------
